[Event "European Womens-ch 2025"]
[Site "Rhodes"]
[Date "2025.04.10"]
[Round "10.19"]
[White "Mamedjarova, Turkan"]
[Black "Radeva, Viktoria"]
[Result "1-0"]
[Annotator "ChessBase"]
[ECO "D05"]
[WhiteElo "2206"]
[BlackElo "2297"]
[PlyCount "77"]
[EventDate "2025.03.29"]
[EventType "swiss"]
[EventCountry "GRE"]
[SourceTitle "playchess.com"]
[Source "ChessBase"]
[SourceQuality "1"]
[TimeControl "40/5400+30:1800+30"]

1. d4 d5 2. Nf3 Nf6 3. e3 e6 4. Bd3 c5 5. b3 Nc6 6. O-O Be7 7. Bb2 O-O 8. Nbd2 b6 9. a3 Bb7 10. Ne5 Rc8 11. f4 Nxe5 12. fxe5 Ne4 13. Qe2 Qc7 14. c4 Bg5 15. Bxe4 dxe4 16. Rae1 Bh6 17. Qg4 cxd4 18. Bxd4 Qc6 19. Rf6 g6 20. Qh4 Bg7 21. Rf4 h6 22. Rxe4 Rcd8 23. Qg3 Rd7 24. Re2 b5 25. Rf4 Qa6 26. Bc5 Rfd8 27. Bd4 Qxa3 28. h4 Bxe5 29. Bxe5 Rxd2 30. Rxd2 Rxd2 31. Rf2 Qc1+ 32. Kh2 bxc4 33. Bd4 Rxd4 34. Qb8+ Kg7 35. Qe5+ Kg8 36. Qxd4 Bd5 37. Qf6 e5 38. Qd8+ Kg7 39. Qxd5 1-0

[Event "European Womens-ch 2025"]
[Site "Rhodes"]
[Date "2025.04.10"]
[Round "10.20"]
[White "Ter-Avetisjana, Agnesa Stepania"]
[Black "Yao, Lan"]
[Result "1/2-1/2"]
[Annotator "ChessBase"]
[ECO "B40"]
[WhiteElo "2100"]
[BlackElo "2294"]
[PlyCount "81"]
[EventDate "2025.03.29"]
[EventType "swiss"]
[EventCountry "GRE"]
[SourceTitle "playchess.com"]
[Source "ChessBase"]
[SourceQuality "1"]
[TimeControl "40/5400+30:1800+30"]

1. e4 c5 2. Nf3 e6 3. b3 a6 4. Bb2 Nc6 5. c4 Qc7 6. g3 Nf6 7. e5 Ng4 8. Qe2 Be7 9. h3 Nh6 10. Nc3 Nf5 11. Ne4 b6 12. Bg2 Bb7 13. g4 Nfd4 14. Nxd4 cxd4 15. f4 Bh4+ 16. Kd1 Be7 17. d3 O-O 18. g5 Kh8 19. Rc1 d6 20. exd6 Bxd6 21. Nxd6 Qxd6 22. Rf1 Rad8 23. a3 Na5 24. Bxb7 Nxb7 25. Kc2 Na5 26. Qe5 Qd7 27. f5 Nc6 28. fxe6 fxe6 29. Qe4 Qd6 30. Rce1 e5 31. Bc1 b5 32. Bd2 bxc4 33. bxc4 Qd7 34. Rxf8+ Rxf8 35. Qd5 Qe8 36. Re2 Qg6 37. Bb4 Rd8 38. Qc5 Rg8 39. Bd2 Qe6 40. h4 Qg6 41. Re1 1/2-1/2

[Event "European Womens-ch 2025"]
[Site "Rhodes"]
[Date "2025.04.10"]
[Round "10.21"]
[White "Fataliyeva, Ulviyya"]
[Black "Allahverdiyeva, Ayan"]
[Result "1-0"]
[Annotator "RC"]
[ECO "A09"]
[WhiteElo "2387"]
[BlackElo "2266"]
[PlyCount "63"]
[EventDate "2025.03.29"]
[EventType "swiss"]
[EventCountry "GRE"]
[SourceTitle "playchess.com"]
[Source "ChessBase"]
[SourceQuality "1"]
[TimeControl "40/5400+30:1800+30"]

1. Nf3 d5 2. c4 d4 3. b4 c5 4. e3 Nf6 5. bxc5 Nc6 6. exd4 Nxd4 7. Bb2 e5 8. Nxd4 exd4 9. d3 Bxc5 10. Nd2 Ng4 11. Be2 Qh4 12. g3 Qh3 13. Qb3 O-O 14. Ne4 Bb6 15. O-O-O Bf5 16. f4 Ne3 17. Ng5 Qh6 18. Rdg1 a5 19. a4 Qd6 20. Bf3 Bc5 21. Be4 Bb4 22. Bxf5 Nxf5 23. Kb1 Ra6 24. Ne4 Qc6 25. c5 b6 26. g4 bxc5 27. gxf5 Rb6 28. Rg2 Rfb8 29. Rhg1 c4 30. Rxg7+ Kh8 31. Bxd4 h5 32. Rxf7+ 1-0

[Event "European Womens-ch 2025"]
[Site "Rhodes"]
[Date "2025.04.10"]
[Round "10.22"]
[White "Wikar, Martyna"]
[Black "Roebers, Eline"]
[Result "0-1"]
[Annotator "RC"]
[ECO "B22"]
[WhiteElo "2239"]
[BlackElo "2367"]
[PlyCount "80"]
[EventDate "2025.03.29"]
[EventType "swiss"]
[EventCountry "GRE"]
[SourceTitle "playchess.com"]
[Source "ChessBase"]
[SourceQuality "1"]
[TimeControl "40/5400+30:1800+30"]

1. e4 c5 2. c3 Qa5 3. Nf3 g6 4. Bc4 Bg7 5. O-O Nc6 6. d3 d6 7. a4 e6 8. Na3 Nge7 9. Bf4 Qd8 10. Qc1 h6 11. h4 e5 12. Bd2 f5 13. b4 f4 14. d4 cxb4 15. cxb4 g5 16. dxe5 g4 17. exd6 Ng6 18. Bc3 gxf3 19. Bxg7 Qxh4 20. Qc3 fxg2 21. f3 gxf1=Q+ 22. Kxf1 Bh3+ 23. Ke2 O-O-O 24. b5 Rhe8 25. bxc6 Rxd6 26. cxb7+ Kb8 27. Rg1 Qh5 28. Bd3 Nh4 29. Nb5 Qxf3+ 30. Kd2 Qf2+ 31. Kc1 Qxg1+ 32. Kb2 Qf2+ 33. Ka1 Rd7 34. Bd4 Qg3 35. Nxa7 Rc7 36. Qa5 Qxd3 37. Nc6+ Kxb7 38. Qb6+ Kc8 39. a5 Qxe4 40. Na7+ Kd7 0-1

[Event "European Womens-ch 2025"]
[Site "Rhodes"]
[Date "2025.04.10"]
[Round "10.23"]
[White "Guichard, Pauline"]
[Black "Gevorgyan, Maria"]
[Result "1-0"]
[Annotator "ChessBase"]
[ECO "E49"]
[WhiteElo "2355"]
[BlackElo "2234"]
[PlyCount "79"]
[EventDate "2025.03.29"]
[EventType "swiss"]
[EventCountry "GRE"]
[SourceTitle "playchess.com"]
[Source "ChessBase"]
[SourceQuality "1"]
[TimeControl "40/5400+30:1800+30"]

1. d4 Nf6 2. c4 e6 3. Nc3 Bb4 4. a3 Bxc3+ 5. bxc3 O-O 6. f3 d5 7. cxd5 exd5 8. e3 c5 9. Bd3 Nh5 10. Ne2 Qh4+ 11. g3 Qh3 12. Kf2 Nc6 13. g4 Nf6 14. Nf4 Qh4+ 15. Kg2 Re8 16. Qe1 Qxe1 17. Rxe1 cxd4 18. g5 Nd7 19. cxd4 Nxd4 20. Bb2 Ne6 21. Nxd5 Ndc5 22. Be2 b6 23. Rad1 Bb7 24. Bb5 Red8 25. Ne7+ Kf8 26. Nf5 Nxg5 27. Bxg7+ Kg8 28. e4 Rxd1 29. Rxd1 Ngxe4 30. Bh6 Nf6 31. Rg1 Nh5 32. Kf2+ Kh8 33. Rg5 Ne6 34. Rxh5 Rd8 35. Bc4 Bd5 36. Be2 Bb7 37. Bc1 Kg8 38. Rh4 Rd7 39. Rg4+ Kf8 40. Bh6+ 1-0

[Event "European Womens-ch 2025"]
[Site "Rhodes"]
[Date "2025.04.10"]
[Round "10.24"]
[White "Gaponenko, Inna"]
[Black "Calzetta Ruiz, Monica"]
[Result "0-1"]
[Annotator "ChessBase"]
[ECO "B34"]
[WhiteElo "2349"]
[BlackElo "2230"]
[PlyCount "80"]
[EventDate "2025.03.29"]
[EventType "swiss"]
[EventCountry "GRE"]
[SourceTitle "playchess.com"]
[Source "ChessBase"]
[SourceQuality "1"]
[TimeControl "40/5400+30:1800+30"]

1. e4 c5 2. Nf3 Nc6 3. d4 cxd4 4. Nxd4 g6 5. Nc3 Bg7 6. Be3 Nf6 7. Nxc6 bxc6 8. e5 Ng8 9. Bd4 c5 10. Bxc5 Bxe5 11. Qd5 Bxc3+ 12. bxc3 Qc7 13. Qxa8 Qxc5 14. Ba6 Qxc3+ 15. Ke2 Qe5+ 16. Kd1 Qxa1+ 17. Kd2 Qd4+ 18. Ke2 Qe5+ 19. Kf1 Kf8 20. Qxc8+ Kg7 21. g3 Nf6 22. Qc4 d5 23. Qe2 Qd6 24. Kg2 Rb8 25. Re1 Rb2 26. a4 Ra2 27. Bb5 e6 28. Qe3 a6 29. Bd3 Rxa4 30. Qa7 Ne4 31. Bxe4 dxe4 32. Rb1 Qd5 33. Qe3 Rc4 34. Rb2 a5 35. g4 a4 36. g5 Qe5 37. Rb7 Rxc2 38. Ra7 Rc3 39. Qd2 Rd3 40. Qc1 e3 0-1

[Event "European Womens-ch 2025"]
[Site "Rhodes"]
[Date "2025.04.10"]
[Round "10.25"]
[White "Sliwicka, Alicja"]
[Black "Mgeladze, Kesaria"]
[Result "1-0"]
[Annotator "ChessBase"]
[ECO "B66"]
[WhiteElo "2342"]
[BlackElo "2200"]
[PlyCount "137"]
[EventDate "2025.03.29"]
[EventType "swiss"]
[EventCountry "GRE"]
[SourceTitle "playchess.com"]
[Source "ChessBase"]
[SourceQuality "1"]
[TimeControl "40/5400+30:1800+30"]

1. e4 c5 2. Nf3 Nc6 3. d4 cxd4 4. Nxd4 Nf6 5. Nc3 d6 6. Bg5 e6 7. Qd2 a6 8. Nxc6 bxc6 9. O-O-O Be7 10. Bxf6 gxf6 11. Bc4 Bb7 12. Bb3 Qa5 13. Kb1 O-O-O 14. Qe2 Kb8 15. Rd3 h5 16. Rhd1 h4 17. a3 Qe5 18. g3 hxg3 19. hxg3 d5 20. f4 Qc7 21. Na4 dxe4 22. Qxe4 Rxd3 23. Rxd3 c5 24. Qc4 Bd5 25. Rxd5 exd5 26. Qxd5 Rc8 27. Qc4 Qd6 28. Nc3 Rf8 29. Qe4 Bd8 30. Nd5 Qe6 31. Qf3 Rg8 32. Ka2 f5 33. Qd3 Qc6 34. Bc4 Ka7 35. Qxf5 Qb7 36. g4 Bh4 37. Nc3 Be7 38. Bd5 Qc7 39. Bf3 Rb8 40. Qxf7 Bd6 41. Qxc7+ Bxc7 42. f5 Be5 43. g5 Rf8 44. Be4 Rg8 45. g6 Rb8 46. Bd5 a5 47. Na4 Rc8 48. Kb3 Kb8 49. Be6 Rc6 50. Bd5 Rc7 51. Nb6 Re7 52. Nc4 Bf6 53. Nxa5 Kc7 54. Be6 Kd6 55. Nc4+ Kc6 56. c3 Re8 57. Ne3 Kd6 58. a4 Rb8+ 59. Kc2 Ra8 60. a5 Bg7 61. Nc4+ Ke7 62. b4 cxb4 63. cxb4 Kf6 64. b5 Bf8 65. b6 Bb4 66. b7 Rb8 67. a6 Bc5 68. Bc8 Bd4 69. Na5 1-0

[Event "European Womens-ch 2025"]
[Site "Rhodes"]
[Date "2025.04.10"]
[Round "10.26"]
[White "Lehaci, Miruna-Daria"]
[Black "Antolak, Julia"]
[Result "0-1"]
[Annotator "ChessBase"]
[ECO "B55"]
[WhiteElo "2212"]
[BlackElo "2314"]
[PlyCount "120"]
[EventDate "2025.03.29"]
[EventType "swiss"]
[EventCountry "GRE"]
[SourceTitle "playchess.com"]
[Source "ChessBase"]
[SourceQuality "1"]
[TimeControl "40/5400+30:1800+30"]

1. e4 c5 2. Nf3 d6 3. d4 cxd4 4. Nxd4 Nf6 5. Bd3 Nc6 6. Nxc6 bxc6 7. O-O g6 8. b3 Bg7 9. Bb2 O-O 10. Nc3 Nd7 11. Na4 Qa5 12. Bxg7 Kxg7 13. Re1 Qg5 14. Qc1 Qxc1 15. Raxc1 Ne5 16. Bf1 g5 17. Nb2 f5 18. Nd3 Ng6 19. e5 Ba6 20. exd6 exd6 21. Nc5 Bc8 22. Ne6+ Bxe6 23. Rxe6 Rf6 24. Re2 f4 25. Rd2 Ne5 26. Rcd1 Rd8 27. Rd4 h5 28. Re4 Re8 29. Red4 Ree6 30. Rb4 h4 31. Rb7+ Rf7 32. Rxf7+ Kxf7 33. h3 Ke7 34. c3 d5 35. b4 Rd6 36. a4 Nd7 37. g3 hxg3 38. fxg3 fxg3 39. Rd3 Nf6 40. Rxg3 Ne4 41. Re3 Kf6 42. Kg2 Ke5 43. Bd3 Rf6 44. Re2 Rf4 45. b5 cxb5 46. axb5 g4 47. hxg4 Rxg4+ 48. Kf1 Kf4 49. Bxe4 dxe4 50. c4 e3 51. c5 Rg5 52. Rc2 Kf3 53. Rc3 Rh5 54. Kg1 Ke2 55. c6 Rg5+ 56. Kh2 Kf2 57. Kh3 e2 58. Rc2 Kf1 59. c7 e1=Q 60. c8=N Qg3# 0-1

[Event "European Womens-ch 2025"]
[Site "Rhodes"]
[Date "2025.04.10"]
[Round "10.27"]
[White "Kochavi, Dana"]
[Black "Khachatryan, Anna"]
[Result "0-1"]
[Annotator "ChessBase"]
[ECO "B49"]
[WhiteElo "2301"]
[BlackElo "2091"]
[PlyCount "68"]
[EventDate "2025.03.29"]
[EventType "swiss"]
[EventCountry "GRE"]
[SourceTitle "playchess.com"]
[Source "ChessBase"]
[SourceQuality "1"]
[TimeControl "40/5400+30:1800+30"]

1. e4 c5 2. Nf3 e6 3. d4 cxd4 4. Nxd4 Nc6 5. Nc3 Qc7 6. Be2 Nf6 7. Be3 a6 8. O-O Be7 9. f4 Nxd4 10. Bxd4 d6 11. Kh1 b5 12. e5 dxe5 13. fxe5 Nd7 14. Bh5 g6 15. Qf3 O-O 16. Qg3 Bb7 17. Bf3 Bxf3 18. Rxf3 b4 19. Ne4 Qxc2 20. Nf6+ Nxf6 21. exf6 Bc5 22. Bxc5 Qxc5 23. Qf4 Rfd8 24. Re1 Rd4 25. Qh6 Qf8 26. Qe3 Rad8 27. Qc1 h5 28. a3 a5 29. h3 Kh7 30. Qc7 R4d5 31. axb4 R8d7 32. Qc6 Qxb4 33. Ree3 Rd1+ 34. Kh2 Qb8+ 0-1

[Event "European Womens-ch 2025"]
[Site "Rhodes"]
[Date "2025.04.10"]
[Round "10.28"]
[White "Karacsonyi, Kata"]
[Black "Heinemann, Josefine"]
[Result "1-0"]
[Annotator "ChessBase"]
[ECO "B95"]
[WhiteElo "2198"]
[BlackElo "2297"]
[PlyCount "79"]
[EventDate "2025.03.29"]
[EventType "swiss"]
[EventCountry "GRE"]
[SourceTitle "playchess.com"]
[Source "ChessBase"]
[SourceQuality "1"]
[TimeControl "40/5400+30:1800+30"]

1. e4 c5 2. Nf3 d6 3. d4 cxd4 4. Nxd4 Nf6 5. Nc3 a6 6. Bg5 e6 7. Qf3 Be7 8. O-O-O Qc7 9. g4 Nc6 10. Nxc6 bxc6 11. Qg3 Rb8 12. Bc4 Rb4 13. Bb3 c5 14. Ba4+ Kf8 15. Bxf6 gxf6 16. a3 Rb8 17. f4 h6 18. h4 Qb6 19. b3 c4 20. Qg1 Qxg1 21. Rhxg1 cxb3 22. cxb3 Bb7 23. Kb2 Kg7 24. f5 a5 25. Bd7 Bc8 26. Bxc8 Rhxc8 27. Ne2 Rb5 28. Rc1 Rxc1 29. Rxc1 Re5 30. Ng3 d5 31. Rc7 Kf8 32. Rc8+ Kg7 33. Re8 dxe4 34. Rxe7 e3 35. Ne2 Rd5 36. fxe6 Rd2+ 37. Kc3 Rxe2 38. Rxf7+ Kg8 39. Rxf6 Rf2 40. e7 1-0

[Event "European Womens-ch 2025"]
[Site "Rhodes"]
[Date "2025.04.10"]
[Round "10.29"]
[White "Mkrtchyan, Mariam"]
[Black "Ibrahimova, Sabina"]
[Result "1-0"]
[Annotator "ChessBase"]
[ECO "D40"]
[WhiteElo "2282"]
[BlackElo "2199"]
[PlyCount "91"]
[EventDate "2025.03.29"]
[EventType "swiss"]
[EventCountry "GRE"]
[SourceTitle "playchess.com"]
[Source "ChessBase"]
[SourceQuality "1"]
[TimeControl "40/5400+30:1800+30"]

1. d4 d5 2. c4 e6 3. Nf3 Nf6 4. Nc3 c5 5. e3 Nc6 6. a3 dxc4 7. Bxc4 a6 8. O-O b5 9. Ba2 Be7 10. dxc5 Qxd1 11. Rxd1 Bxc5 12. b4 Bb6 13. Ng5 O-O 14. Bb2 Bb7 15. Nge4 Nxe4 16. Nxe4 Rad8 17. Nc5 Bc8 18. Rdc1 Ne7 19. Rc2 a5 20. bxa5 Bxa5 21. h3 Nf5 22. Rb1 b4 23. Nb3 Bb6 24. Rc6 Ba7 25. axb4 Bb8 26. Rcc1 Bb7 27. Nc5 Ba8 28. Bc4 Nh4 29. Bf1 Rd5 30. Rc4 Ng6 31. Rd4 Rxd4 32. Bxd4 Bd6 33. Na6 Rc8 34. b5 h6 35. Rd1 Ba3 36. Bb6 Be7 37. Bc7 Bf6 38. b6 Be5 39. f4 Bxc7 40. bxc7 Bb7 41. Rd8+ Kh7 42. Rxc8 Bxc8 43. Nc5 Ne7 44. Ne4 Bd7 45. Nd6 Nc8 46. Bb5 1-0

[Event "European Womens-ch 2025"]
[Site "Rhodes"]
[Date "2025.04.10"]
[Round "10.30"]
[White "Terbe, Zsuzsanna"]
[Black "Wagner, Dinara"]
[Result "0-1"]
[Annotator "RC"]
[ECO "E47"]
[WhiteElo "2179"]
[BlackElo "2440"]
[PlyCount "114"]
[EventDate "2025.03.29"]
[EventType "swiss"]
[EventCountry "GRE"]
[SourceTitle "playchess.com"]
[Source "ChessBase"]
[SourceQuality "1"]
[TimeControl "40/5400+30:1800+30"]

1. d4 Nf6 2. c4 e6 3. Nc3 Bb4 4. e3 O-O 5. Bd3 c5 6. a3 cxd4 7. axb4 dxc3 8. Ne2 d5 9. c5 b6 10. Nxc3 bxc5 11. bxc5 Nc6 12. Bb5 Bd7 13. O-O Qe7 14. Bxc6 Bxc6 15. b4 Rfb8 16. Rb1 a5 17. Ba3 axb4 18. Bxb4 e5 19. Qd2 Rd8 20. Rfe1 Qd7 21. f3 h6 22. Ne2 d4 23. Nc1 dxe3 24. Qxd7 Rxd7 25. Rxe3 Rb8 26. Reb3 Rd1+ 27. Kf2 Bd5 28. R3b2 Bc4 29. c6 Rc8 30. Nb3 Bxb3 31. Rxb3 Rxb1 32. Rxb1 Rxc6 33. Re1 Nd7 34. Re2 f6 35. Rd2 Rc7 36. Bd6 Rb7 37. h4 h5 38. Rc2 Kf7 39. Rc8 Ke6 40. Ba3 Kf5 41. Rh8 Ra7 42. Bd6 g6 43. Re8 Nb6 44. Rf8 Nd5 45. Bc5 Ra5 46. Bd6 Ra6 47. Bc5 Ra5 48. Bd6 Ra4 49. g3 Ra2+ 50. Kg1 e4 51. fxe4+ Kxe4 52. Bc5 Kf3 53. Rg8 Rg2+ 54. Kh1 Rxg3 55. Rd8 Nf4 56. Bg1 Rh3+ 57. Bh2 Rxh4 0-1

[Event "European Womens-ch 2025"]
[Site "Rhodes"]
[Date "2025.04.10"]
[Round "10.31"]
[White "Eric, Jovana"]
[Black "Atalik, Ekaterina"]
[Result "0-1"]
[Annotator "RC"]
[ECO "B12"]
[WhiteElo "2147"]
[BlackElo "2375"]
[PlyCount "108"]
[EventDate "2025.03.29"]
[EventType "swiss"]
[EventCountry "GRE"]
[SourceTitle "playchess.com"]
[Source "ChessBase"]
[SourceQuality "1"]
[TimeControl "40/5400+30:1800+30"]

1. e4 c6 2. d4 d5 3. e5 c5 4. c3 Nc6 5. Be2 Bf5 6. Nf3 e6 7. O-O Nge7 8. dxc5 Ng6 9. b4 Be7 10. Nd4 Bxb1 11. Rxb1 Ngxe5 12. f4 Nd7 13. Bd3 O-O 14. Be3 Bf6 15. Qc2 g6 16. a4 Re8 17. Nb5 Be7 18. Nd6 Bxd6 19. cxd6 Nf6 20. b5 Na5 21. Bd4 b6 22. Rbe1 Nb7 23. f5 exf5 24. Rxe8+ Nxe8 25. Bxf5 gxf5 26. Qxf5 Nbxd6 27. Qxd5 Rc8 28. Rf3 Kf8 29. Qh5 Ke7 30. Qh3 f6 31. Re3+ Kf8 32. Qh6+ Ng7 33. Rf3 Nde8 34. Qxh7 Kf7 35. Rf1 Qd5 36. h3 Rd8 37. Qh4 Rd6 38. Qg4 Re6 39. Qf4 Re2 40. Qg4 Qe4 41. a5 Qxg4 42. hxg4 bxa5 43. Ra1 Ne6 44. Bxa7 Nd6 45. Rxa5 Rb2 46. Bf2 Nxb5 47. c4 Nbc7 48. Bg3 Rb7 49. Rf5 Kg6 50. Kh2 Rb4 51. Bh4 Ne8 52. Rf2 Rxc4 53. Re2 N8g7 54. Rf2 Ng5 0-1

[Event "European Womens-ch 2025"]
[Site "Rhodes"]
[Date "2025.04.10"]
[Round "10.32"]
[White "Yildiz, Elif Zeren"]
[Black "Unuk, Laura"]
[Result "0-1"]
[Annotator "ChessBase"]
[ECO "B10"]
[WhiteElo "2160"]
[BlackElo "2301"]
[PlyCount "144"]
[EventDate "2025.03.29"]
[EventType "swiss"]
[EventCountry "GRE"]
[SourceTitle "playchess.com"]
[Source "ChessBase"]
[SourceQuality "1"]
[TimeControl "40/5400+30:1800+30"]

1. e4 c6 2. Nf3 d5 3. d3 g6 4. e5 Bg7 5. d4 f6 6. h3 fxe5 7. Nxe5 Nh6 8. Bd3 Nf5 9. c3 O-O 10. O-O c5 11. Re1 Nc6 12. Bxf5 Bxf5 13. Bg5 Nxe5 14. dxe5 Be6 15. Bh4 Qe8 16. Nd2 Rd8 17. Qb3 b6 18. Rad1 h6 19. Nf1 g5 20. Bg3 Qc6 21. Qc2 Bf5 22. Qc1 Qg6 23. Ne3 Be6 24. Qc2 Qf7 25. Qa4 Rd7 26. Rd2 h5 27. h4 g4 28. Red1 Rfd8 29. b3 Bh6 30. Rd3 Kg7 31. Qc6 d4 32. cxd4 Rxd4 33. Qb5 Qg6 34. Rxd4 Rxd4 35. Qe2 Qe4 36. Re1 Qd3 37. Kf1 a5 38. Qxd3 Rxd3 39. Ke2 Rd4 40. Rd1 a4 41. Rxd4 cxd4 42. Nc2 axb3 43. axb3 Bxb3 44. Nxd4 Bc4+ 45. Kd1 Kg6 46. Kc2 Bf1 47. Ne6 Kf5 48. Nd4+ Ke4 49. Nc6 e6 50. Nd8 Kd5 51. Nf7 Bg7 52. f3 Bxg2 53. fxg4 Be4+ 54. Kd2 Bg6 55. Nd6 hxg4 56. Ke3 Bh5 57. Bh2 Bxe5 58. Bxe5 Kxe5 59. Nc4+ Kf5 60. Kf2 Kf4 61. Nxb6 g3+ 62. Kg2 Bf3+ 63. Kh3 Bg4+ 64. Kg2 Bf3+ 65. Kh3 e5 66. h5 Bxh5 67. Kg2 Bf3+ 68. Kh3 Bc6 69. Nc4 Bb5 70. Nd2 Ke3 71. Nb1 Kf2 72. Nc3 Bd7+ 0-1

[Event "European Womens-ch 2025"]
[Site "Rhodes"]
[Date "2025.04.10"]
[Round "10.33"]
[White "Zimina, Olga"]
[Black "Rodshtein, Tereza"]
[Result "0-1"]
[Annotator "ChessBase"]
[ECO "D02"]
[WhiteElo "2293"]
[BlackElo "2171"]
[PlyCount "32"]
[EventDate "2025.03.29"]
[EventType "swiss"]
[EventCountry "GRE"]
[SourceTitle "playchess.com"]
[Source "ChessBase"]
[SourceQuality "1"]
[TimeControl "40/5400+30:1800+30"]

1. d4 d5 2. Nf3 Bg4 3. Ne5 Bf5 4. c4 f6 5. Nf3 dxc4 6. Nc3 e5 7. e4 Bg4 8. Bxc4 exd4 9. Qb3 dxc3 10. Bxg8 Rxg8 11. Qxg8 Qd3 12. bxc3 Nc6 13. Qd5 Qxc3+ 14. Qd2 Qxa1 15. O-O Bxf3 16. gxf3 Qd4 0-1

[Event "European Womens-ch 2025"]
[Site "Rhodes"]
[Date "2025.04.10"]
[Round "10.34"]
[White "Nadzamova, Viktoria"]
[Black "Smietanska, Wiktoria"]
[Result "1-0"]
[Annotator "ChessBase"]
[ECO "B23"]
[WhiteElo "2122"]
[BlackElo "2254"]
[PlyCount "67"]
[EventDate "2025.03.29"]
[EventType "swiss"]
[EventCountry "GRE"]
[SourceTitle "playchess.com"]
[Source "ChessBase"]
[SourceQuality "1"]
[TimeControl "40/5400+30:1800+30"]

1. e4 c5 2. Nc3 a6 3. g3 b5 4. Bg2 Bb7 5. d3 e6 6. Nh3 Nf6 7. O-O d6 8. f4 Be7 9. Bd2 O-O 10. Ne2 Qb6 11. Kh1 d5 12. e5 Nfd7 13. g4 d4 14. Ng3 c4 15. Qe2 Bxg2+ 16. Kxg2 Qc6+ 17. Kg1 Qd5 18. Ne4 Nc6 19. Rf3 Rac8 20. Nhf2 Rc7 21. Rh3 cxd3 22. cxd3 Nb4 23. g5 Rfc8 24. Qh5 Nf8 25. Rf1 Rc2 26. Bxb4 Bxb4 27. Ng4 Be7 28. Ngf6+ Bxf6 29. gxf6 Rc1 30. fxg7 Rxf1+ 31. Kxf1 Rc1+ 32. Kf2 Rc2+ 33. Kg3 Kxg7 34. Qh6+ 1-0

[Event "European Womens-ch 2025"]
[Site "Rhodes"]
[Date "2025.04.10"]
[Round "10.35"]
[White "Dicen, Elis Denele"]
[Black "Jarocka, Liwia"]
[Result "1-0"]
[Annotator "ChessBase"]
[ECO "A49"]
[WhiteElo "2129"]
[BlackElo "2231"]
[PlyCount "97"]
[EventDate "2025.03.29"]
[EventType "swiss"]
[EventCountry "GRE"]
[SourceTitle "playchess.com"]
[Source "ChessBase"]
[SourceQuality "1"]
[TimeControl "40/5400+30:1800+30"]

1. Nf3 Nf6 2. g3 g6 3. Bg2 Bg7 4. O-O O-O 5. d4 a5 6. c4 d6 7. Nc3 Bf5 8. Nh4 Be6 9. b3 Qc8 10. Bb2 c5 11. d5 Bh3 12. Qc2 Bxg2 13. Kxg2 e5 14. e4 Ne8 15. Qe2 Qd8 16. Kh1 Nd7 17. Ng2 Nc7 18. Rae1 Qe7 19. Qd3 Rae8 20. f4 f5 21. exf5 gxf5 22. fxe5 Nxe5 23. Qc2 Qg5 24. Nh4 Ng4 25. Rxe8 Rxe8 26. Nxf5 Rf8 27. Ne4 Rxf5 28. Rxf5 Qxf5 29. Nf6+ Qxf6 30. Bxf6 Nxf6 31. Qf5 Nce8 32. Qc8 Kf8 33. Qxb7 Ne4 34. Qa7 Bc3 35. Qxh7 N8f6 36. Qc7 Bd4 37. Qxa5 Ng4 38. Qd8+ Kg7 39. Kg2 Ne3+ 40. Kf3 Nd2+ 41. Ke2 Nb1 42. a4 Nc3+ 43. Kd3 Ned1 44. a5 Nf2+ 45. Kd2 Nb1+ 46. Ke2 Nc3+ 47. Kf1 Nfd1 48. a6 Ne3+ 49. Ke1 1-0

[Event "European Womens-ch 2025"]
[Site "Rhodes"]
[Date "2025.04.10"]
[Round "10.36"]
[White "Donghvani, Nia"]
[Black "Sandu, Mihaela"]
[Result "1/2-1/2"]
[Annotator "ChessBase"]
[ECO "C95"]
[WhiteElo "2025"]
[BlackElo "2230"]
[PlyCount "90"]
[EventDate "2025.03.29"]
[EventType "swiss"]
[EventCountry "GRE"]
[SourceTitle "playchess.com"]
[Source "ChessBase"]
[SourceQuality "1"]
[TimeControl "40/5400+30:1800+30"]

1. e4 e5 2. Nf3 Nc6 3. Bb5 a6 4. Ba4 Nf6 5. O-O Be7 6. Re1 b5 7. Bb3 d6 8. c3 O-O 9. h3 Nb8 10. d4 Nbd7 11. c4 Bb7 12. Nc3 b4 13. Nd5 Nxd5 14. exd5 Bf6 15. Be3 a5 16. Bc2 Re8 17. Qd2 c6 18. dxc6 Bxc6 19. d5 Bb7 20. Ng5 Bxg5 21. Bxg5 f6 22. Be3 g6 23. h4 Rc8 24. b3 Nc5 25. f4 Qd7 26. Qf2 Rc7 27. fxe5 fxe5 28. Rf1 Bc8 29. Rae1 Qg7 30. Qd2 Rf7 31. Bh6 Rxf1+ 32. Rxf1 Qe7 33. Bg5 Qd7 34. Qf2 e4 35. Qf6 Qg7 36. Qxd6 Nd3 37. Be3 Bf5 38. Qb6 Qe7 39. h5 Ne5 40. hxg6 hxg6 41. Rf4 Qh7 42. Bxe4 Ng4 43. Rxg4 Bxg4 44. Bxg6 Qh4 45. Bxe8 Qe1+ 1/2-1/2

[Event "European Womens-ch 2025"]
[Site "Rhodes"]
[Date "2025.04.10"]
[Round "10.37"]
[White "Rudzinska, Michalina"]
[Black "Tirpan, Ceren"]
[Result "1-0"]
[Annotator "ChessBase"]
[ECO "B28"]
[WhiteElo "2223"]
[BlackElo "1996"]
[PlyCount "63"]
[EventDate "2025.03.29"]
[EventType "swiss"]
[EventCountry "GRE"]
[SourceTitle "playchess.com"]
[Source "ChessBase"]
[SourceQuality "1"]
[TimeControl "40/5400+30:1800+30"]

1. e4 c5 2. Nf3 a6 3. c3 e6 4. d4 d5 5. e5 Bd7 6. Bd3 Nc6 7. O-O cxd4 8. cxd4 Nb4 9. Be2 Ne7 10. Nc3 Ng6 11. g3 f6 12. exf6 gxf6 13. a3 Nc6 14. b4 Bg7 15. h4 O-O 16. h5 Nge7 17. Re1 Be8 18. h6 Bh8 19. Bd3 Bf7 20. b5 axb5 21. Nxb5 Ng6 22. Bf4 e5 23. Bxg6 Bxg6 24. dxe5 fxe5 25. Nxe5 Nxe5 26. Bxe5 Bxe5 27. Rxe5 Rxf2 28. Qd4 Rf7 29. Nc3 Qf8 30. Nxd5 Rxa3 31. Rxa3 Qxa3 32. Re8+ 1-0

[Event "European Womens-ch 2025"]
[Site "Rhodes"]
[Date "2025.04.10"]
[Round "10.38"]
[White "Vidic, Teja"]
[Black "Dwilewicz, Katarzyna"]
[Result "1/2-1/2"]
[Annotator "ChessBase"]
[ECO "B32"]
[WhiteElo "2100"]
[BlackElo "2203"]
[PlyCount "94"]
[EventDate "2025.03.29"]
[EventType "swiss"]
[EventCountry "GRE"]
[SourceTitle "playchess.com"]
[Source "ChessBase"]
[SourceQuality "1"]
[TimeControl "40/5400+30:1800+30"]

1. e4 c5 2. Nf3 Nc6 3. d4 cxd4 4. Nxd4 e5 5. Nb5 a6 6. Nd6+ Bxd6 7. Qxd6 Qe7 8. Qd3 Nf6 9. Bg5 h6 10. Bxf6 Qxf6 11. Nc3 O-O 12. f3 d6 13. O-O-O Be6 14. Nd5 Qd8 15. Kb1 Rc8 16. Qa3 b5 17. c3 Ra8 18. Be2 Qb8 19. Rd2 Rc8 20. Rhd1 a5 21. Ka1 b4 22. Qa4 Qa7 23. Bb5 Bxd5 24. Rxd5 Ne7 25. Rxd6 bxc3 26. bxc3 Qc5 27. c4 Ng6 28. g3 Qf2 29. Qb3 a4 30. Bxa4 Qxh2 31. g4 Qf2 32. Bb5 Nf4 33. R6d2 Qc5 34. Qb2 Kh7 35. Rd7 f6 36. Rb7 Rd8 37. Rbd7 Rdb8 38. Qd2 Ra3 39. Qd6 Qxd6 40. R1xd6 Rba8 41. Rd2 Rxf3 42. R7d6 Kg6 43. c5 Rc3 44. c6 Rc5 45. Rb2 Ra3 46. Rb4 Rc2 47. Kb1 Rcxa2 1/2-1/2